 Dungeon Crawl Stone Soup version 0.29.0-11-gd7f09526c8 (webtiles) character file.

Game seed: 3022815040700074001

6174 leavemydog the Thaumaturge (level 10, 0/53 HPs)
             Began as a Deep Elf Conjurer on Sept 4, 2022.
             Was an Initiate of Vehumet.
             Slain by a komodo dragon (24 damage)
             ... on level 7 of the Dungeon.
             The game lasted 00:22:54 (10240 turns).

leavemydog the Thaumaturge (Deep Elf Conjurer)     Turns: 10240, Time: 00:22:55

Health: 0/53       AC:  8    Str:  4    XL:     10   Next: 60%
Magic:  0/28       EV: 12    Int: 28    God:    Vehumet [......]
Gold:   878        SH:  0    Dex: 13    Spells: 11/34 levels left

rFire   + . .      SeeInvis .   z - staff of air
rCold   . . .      Faith    .   (no shield)
rNeg    . . .      Spirit   .   B - +2 robe {Will+}
rPois   +          Reflect  .   (no helmet)
rElec   +          Harm     .   k - +2 cloak {Will+}
rCorr   .          Rampage  .   (no gloves)
Will    +++..      Rage     3%  j - +0 pair of boots
Stlth   ++........              (no amulet)
HPRegen 0.17/turn               C - ring of flight
MPRegen 0.21/turn               (no ring)

@: flying
A: berserk 1, fire resistance 1, poison resistance, noise suppression
a: Renounce Religion


You were on level 7 of the Dungeon.
You worshipped Vehumet.
Vehumet was noncommittal.
You visited 2 branches of the dungeon, and saw 9 of its levels.
You also visited: Ossuary.

You collected 942 gold pieces.
You spent 64 gold pieces at shops.

Inventory:

Hand Weapons
 e - a +0 short sword
 D - the +5 sling of Defence by Offence {flame, Str+5}
   (You found it on level 8 of the Dungeon)

   Any ammunition fired from it burns those it strikes, dealing additional fire
   damage.
   Str:       It affects your strength (+5).
Missiles
 s - 2 throwing nets
 v - 5 boomerangs of dispersal
Armour
 a - a scarf of invisibility
 j - a +0 pair of boots (worn)
 k - a +2 cloak of willpower (worn)
 B - a +2 robe of willpower (worn)
Magical Staves
 z - a staff of air (weapon)
Jewellery
 C - a ring of flight (left hand)
Wands
 l - a wand of charming (4)
 m - a wand of polymorph (8)
 w - a wand of flame (6)
 A - a wand of quicksilver (9)
Scrolls
 b - 2 scrolls of blinking
 c - a scroll of amnesia {unknown}
 o - 3 scrolls of teleportation
 p - 4 scrolls of magic mapping
 y - a scroll of enchant weapon {unknown}
 E - 3 scrolls of poison {unknown}
Potions
 f - 4 potions of brilliance
 g - 2 potions of attraction
 h - 4 potions of mutation
 i - 2 potions of flight
 n - 2 potions of ambrosia
 q - a potion of berserk rage
 r - 4 potions of haste
 t - 3 potions of curing
 u - 2 potions of invisibility {unknown}
 x - 2 potions of lignification {unknown}


   Skills:
 * Level 1.9 Fighting
 - Level 2.4 Dodging
 - Level 2.4 Stealth
 + Level 12.6 Spellcasting
 + Level 11.0 Conjurations
 * Level 6.7 Translocations
 * Level 4.3 Fire Magic
 * Level 4.8 Earth Magic


You had 11 spell levels left.
You knew the following spells:

 Your Spells              Type           Power      Damage    Failure   Level
a - Magic Dart            Conj           100%       1d8       1%          1
b - Searing Ray           Conj           100%       2d8       1%          2
c - Iskenderun's Mystic   Conj/Tloc      61%        2d13      1%          4
d - Iskenderun's Battles  Conj           68%        2d12      1%          5
e - Fireball              Conj/Fire      28%        3d12      3%          5
f - Iron Shot             Conj/Erth      29%        9d6       19%         6

Your spell library contained the following spells:

 Spells                   Type           Power      Damage    Failure   Level
 Apportation              Tloc           100%       N/A       1%          1
 Conjure Flame            Conj/Fire      57%        6-21      1%          3
 Dazzling Flash           Conj/Hex       96%        N/A       1%          3
 Mephitic Cloud           Conj/Pois/Air  55%        N/A       1%          3
 Sticky Flame             Conj/Fire      57%        2d7       1%          4
 Freeze                   Ice            68%        1d8       3%          1
 Necrotise                Necr           68%        1d7       3%          1
 Summon Small Mammal      Summ           68%        N/A       3%          1
 Fulminant Prism          Conj/Hex       24%        3d13      3%          4
 Hailstorm                Conj/Ice       48%        3d11      3%          4
 Ignite Poison            Fire/Tmut/Pois 25%        N/A       4%          3
 Irradiate                Conj/Tmut      24%        3d19      9%          5
 Frozen Ramparts          Ice            34%        1d6       10%         3
 Freezing Cloud           Conj/Ice/Air   27%        6-21      19%         5
 Starburst                Conj/Fire      28%        6d9       21%         6
 Corpse Rot               Necr/Pois/Air  26%        N/A       30%         4
 Dispel Undead            Necr           17%        3d10      30%         4
 Blade Hands              Tmut           8%         N/A       65%         5
 Spellforged Servitor     Conj/Summ      24%        N/A       95%         7
 Death Channel            Necr           8%         N/A       99%         6
 Dragon Form              Tmut           8%         N/A       100%        7
 Ignition                 Fire           20%        3d7       100%        8


Dungeon Overview and Level Annotations

Branches:
Dungeon (8/15)             Temple (1/1) D:7         Ossuary (visited)
   Lair: D:8-11

Altars:
Ashenzari
Cheibriados
Fedhas
Gozag
Kikubaaqudgha
Makhleb
Okawaru
Ru
Sif Muna
Trog
Uskayaw
Vehumet
Wu Jian
Xom
Yredelemnul
Zin

Shops:
D:2 *   D:5 !

Annotations:
D:8 2 transporters


Innate Abilities, Weirdness & Mutations

You sometimes lose your temper in combat.
Your flesh is heat resistant. (rF+)
Your system is resistant to poisons. (rPois)
You passively dampen the noise of your surroundings.


Message History

The searing ray hits the komodo dragon.
The komodo dragon is moderately wounded.
The komodo dragon bites you but does no damage.
The searing ray hits the komodo dragon.
The komodo dragon is moderately wounded.
The komodo dragon barely misses you.
The searing ray misses the komodo dragon.
You finish channelling your searing ray.
The komodo dragon misses you.
Casting: Searing Ray (safe; 1% risk of failure)
Confirm with . or Enter, or press ? or * to list all spells.
You erupt in a blast of force!
The mystic blast hits the komodo dragon!
The komodo dragon is severely wounded.
The komodo dragon misses you.
Unknown command.
Casting: Iskenderun's Mystic Blast (dangerous; 1% risk of failure)
Confirm with . or Enter, or press ? or * to list all spells.
You don't have enough magic to cast this spell.
Casting: Iskenderun's Mystic Blast (dangerous; 1% risk of failure)
Confirm with . or Enter, or press ? or * to list all spells.
Aiming: Searing Ray (safe; 1% risk of failure)
Press: ? - help, Shift-Dir - straight line, f/p - komodo dragon
Aim: a komodo dragon (severely wounded, 87% to hit)
The searing ray hits the komodo dragon.
The komodo dragon is severely wounded. (Press . to maintain the ray.)
The komodo dragon bites you!
Without enough magic to sustain it, your searing ray dissipates.
The komodo dragon bites you but does no damage.
You feel better. The komodo dragon barely misses you.
Casting: Searing Ray (safe; 1% risk of failure)
Confirm with . or Enter, or press ? or * to list all spells.
Aiming: Magic Dart (safe; 1% risk of failure)
Press: ? - help, Shift-Dir - straight line, f/p - komodo dragon
Aim: a komodo dragon (severely wounded, 100% to hit)
The magic dart hits the komodo dragon.
The komodo dragon is severely wounded.
The komodo dragon bites you!!
You die...

#.# #.# #.#
##.#######
.........#######
##.#####.......#
#...## #######.#
.....# #.###
#...## #.l@# ##.##
###[# #.# #.# #.#
#.# ##'## #.#
#...## #.# .....##
### #.# ......##
##.###.#
.......####<..##.#


You could see a komodo dragon.

Vanquished Creatures
  A hydra (D:8)
  A centaur warrior (D:8)
  A manticore (D:7)
  An unseen horror (D:8)
  A rime drake (shapeshifter) (D:8)
  Psyche (D:8)
  Sigmund (D:6)
  3 yaks (D:5)
  A wyvern (D:7)
  A water moccasin (D:8)
  Duvessa (D:6)
  2 ice beasts
  3 orc warriors
  A sky beast (D:7)
  2 black bears
  3 ogres
  A centaur (D:6)
  A phantom (D:4)
  3 elf zombies (Ossuary)
  A necrophage (D:6)
  4 scorpions
  Dowan (D:6)
  5 killer bees (D:7)
  An electric eel (D:7)
  A centaur zombie (Ossuary)
  3 hounds
  A gnoll bouda (D:7)
  4 orc priests
  3 jellies (D:6)
  4 iguanas
  6 orc wizards
  3 hound zombies (Ossuary)
  3 mummies (Ossuary)
  3 gnolls (D:7)
  4 adders
  2 shadow imps (D:6)
  4 white imps
  4 adder zombies (Ossuary)
  A worm (D:2)
  A dart slug (D:4)
  21 orcs
  6 endoplasms
  2 giant cockroaches
  2 gnoll zombies (Ossuary)
  7 goblins
  4 hobgoblins
  2 quokkas
  8 ball pythons
  9 bats
  4 frilled lizards
  6 goblin zombies (Ossuary)
  2 hobgoblin zombies (Ossuary)
  4 jackal zombies (Ossuary)
  6 kobolds
  4 kobold zombies (Ossuary)
  3 quokka zombies (Ossuary)
  5 rats
  2 rat zombies (Ossuary)
185 creatures vanquished.

Vanquished Creatures (others)
  5 plants (D:8)
5 creatures vanquished.

Grand Total: 190 creatures vanquished

Notes
Turn   | Place    | Note
-------+----------+-------------------------------------------
     0 | D:1      | leavemydog the Deep Elf Conjurer began the quest for the
                  | Orb.
     0 | D:1      | Reached XP level 1. HP: 10/10 MP: 6/6
   279 | D:1      | Reached XP level 2. HP: 15/15 MP: 0/8
   282 | D:1      | Learned a level 2 spell: Searing Ray
   372 | D:1      | Reached skill level 5 in Conjurations
   886 | D:1      | Reached XP level 3. HP: 19/19 MP: 7/9
   916 | D:1      | Found a faded altar of an unknown god.
  1654 | D:2      | Found Hieghuegu's General Store.
  1662 | D:2      | Bought a scroll of identify for 20 gold pieces
  1662 | D:2      | Identified 3 scrolls of acquirement
  1667 | D:2      | Acquired a +2 cloak of willpower
  1669 | D:2      | Acquired a book of Power
  1671 | D:2      | Acquired 468 gold pieces
  2262 | D:3      | Gained mutation: You passively map a small area around you.
                  | [potion of mutation]
  2262 | D:3      | Gained mutation: Your spells are a little harder to cast,
                  | but a little more powerful. [potion of mutation]
  2263 | D:3      | Lost mutation: Your spells are a little harder to cast, but
                  | a little more powerful. [potion of mutation]
  2263 | D:3      | Lost mutation: You passively map a small area around you.
                  | [potion of mutation]
  2263 | D:3      | Gained mutation: You passively dampen the noise of your
                  | surroundings. [potion of mutation]
  2263 | D:3      | Gained mutation: Your system is resistant to poisons.
                  | (rPois) [potion of mutation]
  2263 | D:3      | Gained mutation: You sometimes lose your temper in combat.
                  | [potion of mutation]
  2263 | D:3      | Gained mutation: Your flesh is heat resistant. (rF+)
                  | [potion of mutation]
  2462 | D:3      | Found a broken altar of Ashenzari.
  2535 | D:3      | Found a hide-covered altar of Uskayaw.
  3107 | D:4      | Reached skill level 4 in Spellcasting
  3107 | D:4      | Reached XP level 4. HP: 16/24 MP: 1/12
  3141 | D:4      | Learned a level 4 spell: Iskenderun's Mystic Blast
  3185 | D:4      | Found a sand-covered staircase.
  3198 | Ossuary  | Entered an ossuary
  3340 | Ossuary  | Reached skill level 1 in Translocations
  3340 | Ossuary  | Reached XP level 5. HP: 26/28 MP: 10/13
  3422 | Ossuary  | Reached skill level 5 in Spellcasting
  3549 | Ossuary  | Reached XP level 6. HP: 29/32 MP: 8/15
  3619 | Ossuary  | Learned a level 5 spell: Iskenderun's Battlesphere
  4572 | D:4      | Reached skill level 6 in Spellcasting
  4815 | D:4      | Reached XP level 7. HP: 36/36 MP: 11/18
  5139 | D:4      | Found a snail-covered altar of Cheibriados.
  5438 | D:5      | Entered Level 5 of the Dungeon
  5739 | D:5      | Reached skill level 7 in Spellcasting
  5860 | D:5      | Found Faqoc's Distillery.
  5864 | D:5      | Bought a potion of degeneration for 11 gold pieces
  5864 | D:5      | Bought a potion of curing for 33 gold pieces
  5972 | D:5      | Noticed a yak
  5974 | D:5      | Noticed a yak
  6005 | D:5      | Killed a yak
  6006 | D:5      | Reached XP level 8. HP: 29/41 MP: 12/21
  6146 | D:5      | Reached skill level 8 in Spellcasting
  6572 | D:6      | Reached skill level 9 in Spellcasting
  6676 | D:6      | Reached skill level 1 in Earth Magic
  7147 | D:6      | Reached skill level 5 in Translocations
  7147 | D:6      | Reached XP level 9. HP: 45/45 MP: 17/24
  7330 | D:6      | Reached skill level 1 in Fire Magic
  7374 | D:6      | Noticed Duvessa
  7374 | D:6      | Noticed Dowan
  7385 | D:6      | Killed Duvessa
  7386 | D:6      | Reached skill level 10 in Spellcasting
  7444 | D:6      | Killed Dowan
  7500 | D:6      | Noticed Sigmund
  7504 | D:6      | Killed Sigmund
  7749 | D:7      | Reached skill level 10 in Conjurations
  7940 | D:7      | Found a staircase to the Ecumenical Temple.
  7954 | Temple   | Entered the Ecumenical Temple
  8283 | Temple   | Became a worshipper of Vehumet
  8471 | D:7      | Learned a level 5 spell: Fireball
  8478 | D:7      | Learned a level 6 spell: Iron Shot
  8611 | D:7      | Noticed a manticore
  8620 | D:7      | Killed a manticore
  8621 | D:7      | Reached skill level 11 in Spellcasting
  9500 | D:8      | Found a transporter.
  9542 | D:8      | Reached XP level 10. HP: 50/50 MP: 12/27
  9570 | D:8      | Noticed Psyche
  9577 | D:8      | Killed Psyche
  9661 | D:8      | Noticed a centaur warrior
  9667 | D:8      | Killed a centaur warrior
  9668 | D:8      | Reached skill level 1 in Fighting
  9668 | D:8      | Reached skill level 12 in Spellcasting
  9878 | D:8      | Identified the +5 sling of Defence by Offence {flame,
                  | Str+5}
 10052 | D:8      | Noticed a six-headed hydra
 10057 | D:8      | Killed a six-headed hydra
 10220 | D:8      | Found a transporter.
 10240 | D:7      | Slain by a komodo dragon

Illustrated notes

Levels and vault maps discovered:
D:1:      eino_arrival_tree_alley, layout_loops_cross,
          hellmonk_ecumenical_altar_inner_sanctum, minmay_fountain_box,
          minmay_heptomino_w4
D:2:      layout_basic, serial_shops, nicolae_shop_waterfront
D:3:      layout_basic, lemuel_crystal_altar, nicolae_overflow_crystal_walls
D:4:      layout_loops_corners, mainiacjoe_overflow_cross_hatched,
          enter_ossuary_5, hangedman_decor_points
D:5:      layout_rooms, serial_shops, shop
D:6:      layout_basic, uniq_duvessa, uniq_sigmund
D:7:      layout_loops_corners, minmay_temple_entry_sparse_star,
          serial_bayou_pond_b
D:8:      cheibrodos_elevator_heist, layout_basic, due_lair_maze_entry_diamond,
          serial_shops, nicolae_lakefront_shop, nzn_ghost_randoct, uniq_erica,
          uniq_psyche
Temple:   oiseaux_autumnal_temple

Skill      XL: |  1  2  3  4  5  6  7  8  9 10 |
---------------+-------------------------------+-----
Conjurations   | 5 6 7 8 9 10 11 | 11.0
Spellcasting   | 4 5 6 7 9 11 12 | 12.6
Translocations | 1 2 3 5 6 |  6.7
Earth Magic    | 2 3 4 |  4.8
Fire Magic     | 3 4 |  4.3
Fighting       | 1 |  1.9
Dodging        | |  2.4
Stealth        | |  2.4

Action                   |  1- 3 |  4- 6 |  7- 9 | 10-12 || total
-------------------------+-------+-------+-------+-------++-------
Melee: Short sword       |     2 |     7 |       |       ||     9
 Cast: Magic Dart        |    87 |    96 |   136 |    10 ||   329
       Searing Ray       |     2 |    18 |    37 |    10 ||    67
       Iskenderun's Myst |       |       |     7 |     7 ||    14
       Iskenderun's Batt |       |       |     8 |     4 ||    12
       Fireball          |       |       |       |     2 ||     2
  Use: Scroll            |    10 |       |     5 |       ||    15
       Potion            |     2 |     2 |     1 |     3 ||     8
Armor: Robe              |     3 |    15 |    25 |     4 ||    47
Dodge: Dodged            |     4 |    23 |    34 |     9 ||    70
